 Dungeon Crawl Stone Soup version 0.18-b1-14-g029dad2 (webtiles) character file.

29 Chiseanne the Magician (level 3, 24/24 HPs)
             Began as a Demonspawn Wizard on Apr 30, 2016.
             Quit the game on level 1 of the Dungeon.
             The game lasted 00:02:00 (1351 turns).

Chiseanne the Magician (Demonspawn Wizard)          Turns: 1351, Time: 00:02:01

Health: 24/24      AC:  5    Str:  7    XL:     3   Next: 1%
Magic:  7/7        EV:  9    Int: 20    God:
Gold:   67         SH:  0    Dex: 11    Spells: 1 memorised, 7 levels left

rFire  . . .     SeeInvis .     e - +0 dagger
rCold  . . .     Gourm    .     k - +0 ring mail
rNeg   . . .     Faith    .     (no shield)
rPois  .         Spirit   .     b - +0 hat
rElec  .         Dismiss  .     (no cloak)
rCorr  .         Reflect  .     (no gloves)
SustAt .         Harm     .     (no boots)
MR     .....                    (no amulet)
Stlth  +.........               (no ring)
                                (no ring)

@: not resistant to hostile enchantments, very unstealthy
A: demonic guardian 1, spiny 1
a: no special abilities


You were on level 1 of the Dungeon.
You were not hungry.

You visited 1 branch of the dungeon, and saw 1 of its levels.

You collected 67 gold pieces.

Inventory:

Hand Weapons
 e - a +0 dagger (weapon)
Missiles
 a - 25 arrows
 h - 25 stones (quivered)
Armour
 b - a +0 hat (worn)
 k - a +0 ring mail (worn)
Jewellery
 i - an uncursed ring of flight {unknown}
Potions
 f - a potion of resistance {unknown}
 g - a potion of berserk rage {unknown}
 j - a potion of haste {unknown}
Books
 c - a book of Minor Magic

   Spells                             Type                      Level
   a - Magic Dart                     Conjuration                  1
   b - Blink                          Translocation                2
   c - Call Imp                       Summoning                    2
   d - Repel Missiles                 Charms/Air                   2
   e - Slow                           Hexes                        2
   f - Conjure Flame                  Conjuration/Fire             3
   g - Mephitic Cloud                 Conjuration/Poison/Air       3
Comestibles
 d - 2 bread rations


   Skills:
 * Level 0.0 Armour
 - Level 1.7 Dodging
 - Level 1.7 Stealth
 * Level 3.4 Spellcasting
 * Level 2.2 Conjurations
   Level 1.0 Summonings
   Level 0.8 Translocations


You had 7 spell levels left.
You knew the following spells:

 Your Spells              Type           Power        Failure   Level  Hunger
a - Magic Dart            Conj           ##..         21%         1    None


Dungeon Overview and Level Annotations

Branches:
Dungeon (1/15)

Altars:


Innate Abilities, Weirdness & Mutations

A weak demonic guardian rushes to your aid.
You are partially covered in sharp spines.


Message History

No target in view!
No target in view!
No target in view!
No target in view!
No target in view!
No target in view!
No target in view!
You now have 67 gold pieces (gained 12).
There is an open door here.
There is an escape hatch in the floor here.
There is an open door here.
A giant cockroach comes into view.
The giant cockroach is struck by your spines.
You kill the giant cockroach!
You have reached level 3!
Your experience leads to an increase in your attributes!
Increase (S)trength, (I)ntelligence, or (D)exterity?
You feel clever.
Your demonic ancestry asserts itself...
You feel the presence of a demonic guardian.
Are you sure you want to abandon this character and quit the game? (Confirm with "yes".)

###### #....# .
#....########### ..
#....##........###.. .##.
#....##....^##.... ....
####....##.....##..# #..#..
...'........)..#.).###.....#
####....##......@#.....#.# #
###########.....).....#
##############.........###
................>#..⌠.....#
###############........##.#
# ##..........# #
#.######### ## #÷.# .####
#..##


There were no monsters in sight!

Vanquished Creatures
  4 giant cockroaches (D:1)
  4 goblins (D:1)
  4 hobgoblins (D:1)
  A ball python (D:1)
  4 bats (D:1)
  A giant newt (D:1)
  4 kobolds (D:1)
  6 rats (D:1)
28 creatures vanquished.

Notes
Turn   | Place    | Note
--------------------------------------------------------------
     0 | D:1      | Chiseanne the Demonspawn Wizard began the quest for the Orb.
     0 | D:1      | Reached XP level 1. HP: 13/13 MP: 4/4
   686 | D:1      | Gained mutation: You are partially covered in sharp spines. [demonic ancestry]
   686 | D:1      | Reached XP level 2. HP: 13/19 MP: 0/6
  1350 | D:1      | Gained mutation: A weak demonic guardian rushes to your aid. [demonic ancestry]
  1350 | D:1      | Reached XP level 3. HP: 24/24 MP: 7/7
  1351 | D:1      | Quit the game

Skill      XL: |  1  2 |
---------------+-------+-----
Conjurations   | 2 |  2.2
Dodging        | |  1.7
Stealth        | |  1.7
Spellcasting   | |  3.4
Summonings     | |  1.0
Translocations | |  0.8

Action                   || total
-------------------------++-------
Melee: Dagger            ||    59
       Unarmed           ||     2
 Cast: Magic Dart        ||    21
  Use: Scroll            ||     1
  Eat: Chunk             ||     1
Armor: Robe              ||    14
       Ring mail         ||     5
Dodge: Dodged            ||    40
